 Dungeon Crawl Stone Soup version 0.28.0-49-g6dfe1f597d (webtiles) character file.

Game seed: 16039712990139955521

44 issech the Vexing (level 3, 0/28 HPs)
             Began as a Gnoll Arcane Marksman on May 19, 2022.
             Slain by a kobold
             ... wielding a +0 whip
              (4 damage)
             ... on level 2 of the Dungeon.
             The game lasted 00:04:15 (1098 turns).

issech the Vexing (Gnoll Arcane Marksman)           Turns: 1098, Time: 00:04:16

Health: 0/28       AC:  2    Str:  9    XL:     3   Next: 60%
Magic:  16/16      EV: 13    Int: 12    God:
Gold:   36         SH:  0    Dex: 14    Spells: 6/7 levels left

rFire   . . .      SeeInvis .   j - +0 mace
rCold   . . .      Faith    .   (no shield)
rNeg    . . .      Spirit   .   d - +0 robe
rPois   .          Reflect  .   (no helmet)
rElec   .          Harm     .   (no cloak)
rCorr   .          Rampage  .   (no gloves)
Will    .....                   (no boots)
Stlth   ++........              (no amulet)
HPRegen 0.09/turn               m - ring of magical power
MPRegen 0.15/turn               (no ring)

@: no status effects
A: fangs 1, strong nose, distributed training
a: no special abilities


You were on level 2 of the Dungeon.
You visited 1 branch of the dungeon, and saw 2 of its levels.

You collected 36 gold pieces.

Inventory:

Hand Weapons
 a - a +0 hand crossbow
 h - a +0 short sword
 j - a +0 mace (weapon)
 k - a +0 spear
 l - a +0 dagger
Missiles
 c - 9 bolts
 e - 31 arrows
 f - 35 stones (quivered)
Armour
 d - a +0 robe (worn)
Jewellery
 m - a ring of magical power (left hand)
Scrolls
 g - 3 scrolls of identify {unknown}
 n - a scroll of noise {unknown}
 o - a scroll of holy word {unknown}
 q - a scroll of summoning {unknown}
 r - a scroll of immolation {unknown}
Potions
 b - a potion of haste {unknown}
 i - 2 potions of flight {unknown}
 p - 3 potions of curing {unknown}


   Skills:
 + Level 2.6 Fighting
 + Level 0.9 Short Blades
 + Level 0.9 Long Blades
 + Level 0.9 Axes
 + Level 0.9 Maces & Flails
 + Level 0.9 Polearms
 + Level 0.9 Staves
 + Level 0.9 Slings
 + Level 0.9 Bows
 + Level 4.5 Crossbows
 + Level 0.9 Throwing
 + Level 0.9 Armour
 + Level 4.5 Dodging
 + Level 0.9 Stealth
 + Level 0.9 Shields
 + Level 0.9 Unarmed Combat
 + Level 2.8 Spellcasting
 + Level 0.6 Conjurations
 + Level 5.4 Hexes
 + Level 0.6 Summonings
 + Level 0.6 Necromancy
 + Level 0.6 Translocations
 + Level 0.6 Transmutations
 + Level 0.6 Fire Magic
 + Level 0.6 Ice Magic
 + Level 0.6 Air Magic
 + Level 0.6 Earth Magic
 + Level 0.6 Poison Magic
 + Level 1.0 Invocations
 + Level 0.9 Evocations


You had 6 spell levels left.
You knew the following spells:

 Your Spells              Type           Power      Damage    Failure   Level
a - Slow                  Hex            56%        N/A       2%          1

Your spell library contained the following spells:

 Spells                   Type           Power      Damage    Failure   Level
 Inner Flame              Hex/Fire       9%         N/A       22%         3
 Portal Projectile        Hex/Tloc       18%        N/A       22%         3
 Cause Fear               Hex            7%         N/A       26%         4
 Alistair's Intoxication  Tmut/Pois      2%         N/A       99%         5
 Borgnjor's Vile Clutch   Necr/Erth      1%         N/A       99%         5
 Eringya's Noxious Bog    Tmut/Pois      1%         N/A       100%        6


Dungeon Overview and Level Annotations

Branches:
Dungeon (2/15)

Altars:


Innate Abilities, Weirdness & Mutations

You have very sharp teeth.
Your uncanny sense of smell can sniff out nearby items.
Your experience applies equally to all skills.


Message History

You hit the endoplasm but do no damage. The endoplasm hits you.
You hit the endoplasm but do no damage. You bite the endoplasm.
The endoplasm is lightly wounded.
The endoplasm freezes you.
You are frozen.
You hit the endoplasm.
You kill the endoplasm!
f - 35 stones (gained 1) No target in view!
A kobold comes into view. It is wielding a +0 whip.
A kobold comes into view. It is wielding a +0 dagger.
A kobold and a dart slug come into view.
The kobold shouts!
The kobold shouts!
You hit the kobold but do no damage. Your bite misses the kobold.
The kobold hits you with a +0 dagger.
A kobold comes into view.
It is wielding a +2 short sword of protection.
You barely miss the kobold. The kobold completely misses you.
You hit the kobold.
You kill the kobold!
The kobold hits you with a +0 whip.
You barely miss the kobold. The kobold barely misses you.
The kobold closely misses you.
You barely miss the kobold. The kobold misses you.
The kobold hits you with a +0 whip. x2
You hit the kobold but do no damage. You bite the kobold, but do no damage.
The kobold hits you with a +0 whip. x2
* * * LOW HITPOINT WARNING * * *
The dart slug launches a dart at you. The slug dart misses you.
A hobgoblin comes into view.
The kobold throws a stone.
The stone hits you.
* * * LOW HITPOINT WARNING * * *
The dart slug launches a dart at you. The slug dart hits you.
* * * LOW HITPOINT WARNING * * *
The hobgoblin shouts!
There is a stone staircase leading up here.
The kobold hits you with a +0 whip.
You die...

##################
.................#
.................#
.................#
#######..........## ###
##########.......... ..#
#.......##..[.########.# ##
......†................# ..
#.#...#.##.#.÷gK@.####.#.###.#
.........K.......÷÷...........
.........#.#..#.#...##...###.#
.........#.#..#)###.##.......
.........#.#..#.# #......####
...#######.####.# ...###..#
.K.# ..# #.# ...# ..# ...# ###
#.#....# ..# ...# #.#....# #..
∆


You could see a hobgoblin and 2 kobolds.

Vanquished Creatures
  2 dart slugs (D:1)
  2 ball pythons (D:1)
  5 endoplasms
  A giant cockroach (D:2)
  3 goblins
  6 hobgoblins
  3 jackals
  3 kobolds
  A quokka (D:1)
  3 bats
  A frilled lizard (D:1)
  3 rats (D:1)
33 creatures vanquished.

Notes
Turn   | Place    | Note
-------+----------+-------------------------------------------
     0 | D:1      | issech the Gnoll Arcane Marksman began the quest for the
                  | Orb.
     0 | D:1      | Reached XP level 1. HP: 17/17 MP: 4/4
    70 | D:1      | Reached XP level 2. HP: 23/23 MP: 5/5
   361 | D:1      | Reached XP level 3. HP: 28/28 MP: 7/7
   421 | D:1      | Found a faded altar of an unknown god.
   877 | D:2      | Reached skill level 1 in Invocations
  1098 | D:2      | Slain by a kobold

Illustrated notes

Levels and vault maps discovered:
D:1:      lightli_molten_gateway, layout_rooms,
          hellmonk_ecumenical_altar_run_dry, minmay_domino_4
D:2:      minmay_kobold_bridge, layout_basic, uniq_robin, uniq_natasha,
          uniq_terence

Skill      XL: |  1  2  3 |
---------------+----------+-----
Invocations    | 1 |  1.0
Fighting       | |  2.6
Short Blades   | |  0.9
Long Blades    | |  0.9
Axes           | |  0.9
Maces & Flails | |  0.9
Polearms       | |  0.9
Staves         | |  0.9
Slings         | |  0.9
Bows           | |  0.9
Crossbows      | |  4.5
Throwing       | |  0.9
Armour         | |  0.9
Dodging        | |  4.5
Stealth        | |  0.9
Shields        | |  0.9
Unarmed Combat | |  0.9
Spellcasting   | |  2.8
Conjurations   | |  0.6
Hexes          | |  5.4
Summonings     | |  0.6
Necromancy     | |  0.6
Translocations | |  0.6
Transmutations | |  0.6
Fire Magic     | |  0.6
Ice Magic      | |  0.6
Air Magic      | |  0.6
Earth Magic    | |  0.6
Poison Magic   | |  0.6
Evocations     | |  0.9

Action                   || total
-------------------------++-------
Melee: Mace              ||    33
       Bite              ||     2
 Fire: Hand crossbow     ||    68
Throw: Stone             ||     3
Armor: Robe              ||     7
Dodge: Dodged            ||    37
